 Dungeon Crawl Stone Soup version 0.27-a0-1347-gd8886f0a89 (webtiles) character file.

Game seed: 10513403987778043647

221 tilp the Caller (level 5, -8/41 HPs)
             Began as a Barachi Summoner on June 27, 2021.
             Mangled by Pikel (10 damage)
             ... on level 4 of the Dungeon.
             The game lasted 00:06:01 (5283 turns).

tilp the Caller (Barachi Summoner)                  Turns: 5283, Time: 00:06:02

Health: -8/41      AC:  5    Str: 11    XL:     5   Next: 98%
Magic:  1/9        EV: 12    Int: 15    God:
Gold:   79         SH:  0    Dex: 12    Spells: 4/10 levels left

rFire    . . .     SeeInvis .   a - +1 dagger (elec)
rCold    . . .     Faith    .   (no shield)
rNeg     . . .     Spirit   .   i - +0 leather armour
rPois    .         Reflect  .   (no helmet)
rElec    .         Harm     .   d - +1 cloak
rCorr    .         Rampage  .   (no gloves)
Will     .....                  (no boots)
Stlth    ++........             (no amulet)
HPRegen  0.13/turn              (no ring)
MPRegen  0.11/turn              (no ring)

@: unable to hop, slow
A: amphibious, slowness 1, strong legs 1, +LOS
a: Hop


You were on level 4 of the Dungeon.
You visited 1 branch of the dungeon, and saw 4 of its levels.

You collected 79 gold pieces.

Inventory:

Hand Weapons
 a - a +1 dagger of electrocution (weapon)
 b - a +0 short sword of freezing
 g - a +0 trident
Armour
 d - a +1 cloak (worn)
 i - a +0 leather armour (worn)
Wands
 f - a wand of digging (3)
Scrolls
 c - 5 scrolls of teleportation
 e - 3 scrolls of identify


   Skills:
 + Level 3.2 Fighting
 + Level 3.3 Dodging
 + Level 2.8 Stealth
 - Level 3.0 Spellcasting
 - Level 6.0 Summonings


You had 4 spell levels left.
You knew the following spells:

 Your Spells              Type           Power      Damage    Failure   Level
a - Summon Small Mammal   Summ           80%        N/A       2%          1
b - Call Imp              Summ           20%        N/A       3%          2
c - Call Canine Familiar  Summ           20%        N/A       7%          3

Your spell library contained the following spells:

 Spells                   Type           Power      Damage    Failure   Level
 Summon Guardian Golem    Hex/Summ       11%        N/A       22%         3
 Sting                    Tmut/Pois      8%         1d3       26%         1
 Poisonous Vapours        Pois/Air       4%         N/A       36%         2
 Summon Ice Beast         Ice/Summ       11%        N/A       58%         4
 Summon Lightning Spire   Summ/Air       11%        N/A       58%         4
 Ignite Poison            Fire/Tmut/Pois 2%         N/A       61%         3
 Mephitic Cloud           Conj/Pois/Air  2%         N/A       61%         3
 Olgreb's Toxic Radiance  Pois           2%         N/A       95%         4


Dungeon Overview and Level Annotations

Branches:
Dungeon (4/15)
 Temple: D:4-7

Altars:
Dithmenos
Gozag
Vehumet
Wu Jian
Zin

Annotations:
D:4 Pikel, Sigmund


Innate Abilities, Weirdness & Mutations

You are amphibious.
You cover ground slowly.
You can hop short distances.
You have an extended range of vision and can be seen from far away.


Message History

Pikel barely misses you.
Unknown command.
You hit Pikel but do no damage.
Pikel is lightly wounded.
The lemure hits your white imp!
Your white imp hits the lemure.
Your white imp freezes the lemure.
Pikel hits you with a +2 whip of freezing.
Pikel freezes you.
Unknown command.
You barely miss Pikel.
Pikel is lightly wounded.
The lemure hits you!
* * * LOW HITPOINT WARNING * * *
Your white imp hits the lemure but does no damage.
Pikel hits you with a +2 whip of freezing!
* * * LOW HITPOINT WARNING * * *
Pikel freezes you.
* * * LOW HITPOINT WARNING * * *
Hop to where?
Press: ? - help, Dir - move target Boing!
As you read the scroll of teleportation, it crumbles to dust.
You feel strangely unstable.
Unknown command.
Your white imp closely misses Pikel.
Your surroundings seem slightly different.
Your hound bites the lemure.
Your white imp hits the lemure.
Your white imp freezes the lemure.
Your white imp hits the lemure but does no damage.
Your hound barely misses Pikel.
The lemure barely misses you.
Your white imp closely misses the lemure.
Unknown command.
It was a potion of cancellation.
You feel magically purged.
Your hound bites Pikel but does no damage.
The lemure barely misses you.
Your white imp gestures at the lemure.
The puff of frost hits the lemure.
Pikel says, "You'll feel the lick of my whip!"
Pikel hits you with a +2 whip of freezing!
You die...

.5..# ... #K# #.# ######.#
####...##.#
##########..§....h5##########
...............5K55........>#
######.###.#....@......####.#
...##...##.#...#######.# #.#
...##.<.##.#...#....<#.# #.#
...##...##.#.....#..##.# #.#
...##.(.##.#.....#^....# #.#
.|.##...##.#......(.#######.#
.####...##.##.######........#
.## #...##.#...#.÷...########
..# #.†.##.#...#.....#


You could see Pikel, 2 lemures, a friendly hound (summoned) and 2 friendly white
imps.

Vanquished Creatures
  A centaur skeleton (D:4)
  Jessica (D:2)
  An adder skeleton (D:4)
  2 endoplasms
  3 giant cockroaches
  2 hobgoblins
  2 jackals (D:2)
  A quokka (D:4)
  4 ball pythons
  2 bats (D:1)
  3 frilled lizards
  6 goblins
  5 kobolds
  A rat (D:1)
34 creatures vanquished.

Vanquished Creatures (collateral kills)
  A black bear (D:4)
  A scorpion (D:4)
  An orc priest (D:3)
  An orc wizard (D:3)
  2 adders (D:2)
  A howler monkey skeleton (D:4)
  A worm (D:2)
  2 orcs (D:3)
  3 ball pythons
  3 endoplasms
  A giant cockroach (D:3)
  3 goblins
  A hobgoblin (D:3)
  2 jackals (D:2)
  A quokka (D:1)
  2 kobolds (D:1)
  A rat (D:1)
27 creatures vanquished.

Grand Total: 61 creatures vanquished

Notes
Turn   | Place    | Note
-------+----------+-------------------------------------------
     0 | D:1      | tilp the Barachi Summoner began the quest for the Orb.
     0 | D:1      | Reached XP level 1. HP: 13/13 MP: 3/3
   288 | D:1      | Reached skill level 1 in Fighting
   761 | D:1      | Reached XP level 2. HP: 19/22 MP: 0/5
   836 | D:1      | Learned a level 2 spell: Call Imp
  1349 | D:1      | Reached skill level 5 in Summonings
  1403 | D:1      | Found a faded altar of an unknown god.
  1403 | D:1      | Found a faded altar of an unknown god.
  1807 | D:1      | Reached XP level 3. HP: 25/27 MP: 6/6
  2163 | D:2      | Noticed Jessica
  2173 | D:2      | Killed Jessica
  3008 | D:2      | Reached XP level 4. HP: 33/33 MP: 3/8
  4021 | D:3      | Found a radiant altar of Vehumet.
  4021 | D:3      | Found an ornate altar of the Wu Jian Council.
  4023 | D:3      | Found a glowing silver altar of Zin.
  4024 | D:3      | Found a shadowy altar of Dithmenos.
  4229 | D:3      | Reached skill level 6 in Summonings
  4685 | D:4      | Found an opulent altar of Gozag.
  4732 | D:4      | Reached XP level 5. HP: 39/39 MP: 4/9
  4736 | D:4      | Learned a level 3 spell: Call Canine Familiar
  4778 | D:4      | Noticed a black bear
  4788 | D:4      | Killed a black bear
  5117 | D:4      | Noticed Sigmund
  5261 | D:4      | Noticed Pikel
  5261 | D:4      | Noticed a lemure
  5261 | D:4      | Noticed a lemure
  5261 | D:4      | Noticed a lemure
  5265 | D:4      | Noticed a lemure
  5278 | D:4      | HP: 1/41 [Pikel (2)]
  5283 | D:4      | Mangled by Pikel

Illustrated notes

Levels and vault maps discovered:
D:1:      dpeg_arrival_solitude, layout_basic,
          hellmonk_ecumenical_altar_the_god_not_taken, kennysheep_pointless_box
D:2:      layout_basic, uniq_jessica
D:3:      layout_rooms, grunt_temple_overflow_open
D:4:      layout_basic, grunt_gozag_breadcrumbs, uniq_blork_the_orc,
          uniq_sigmund, uniq_pikel

Skill      XL: |  1  2  3  4  5 |
---------------+----------------+-----
Fighting       | 1 2 3 |  3.2
Summonings     | 5 6 |  6.0
Spellcasting   | 3 |  3.0
Stealth        | 2 |  2.8
Dodging        | 3 |  3.3

Action                   |  1- 3 |  4- 6 || total
-------------------------+-------+-------++-------
Melee: Short sword       |     9 |       ||     9
       Dagger            |    40 |    89 ||   129
 Cast: Summon Small Mamm |    24 |     1 ||    25
       Call Imp          |    13 |    24 ||    37
       Call Canine Famil |       |     4 ||     4
 Abil: Hop               |     2 |     1 ||     3
  Use: Scroll            |     2 |     4 ||     6
       Potion            |       |     1 ||     1
 Stab: Sleeping          |     4 |     2 ||     6
Armor: Robe              |     4 |       ||     4
       Leather armour    |     6 |    46 ||    52
Dodge: Dodged            |    41 |    66 ||   107

Table legend: (Time is in decaauts)
 A = Elapsed time spent in this place.
 B = Non-inter-level travel time spent in this place.
 C = Inter-level travel time spent in this place.
 D = Time resting spent in this place.
 E = Time spent auto-exploring this place.
 F = Levels seen in this place.
 G = Mean time per level.
                   A        B        C        D        E       F      G
               +--------+--------+--------+--------+--------+-----+--------+
         Total |   5784 |   5562 |    222 |   1621 |   3364 |   4 | 1446.0 |
       Dungeon |   5784 |   5562 |    222 |   1621 |   3364 |   4 | 1446.0 |
               +--------+--------+--------+--------+--------+-----+--------+

Top non-repeatable levels by time:
     D:1: 2252 daAuts
     D:2: 2136 daAuts
     D:3: 752 daAuts
     D:4: 643 daAuts
